Unix NetHack Version 5.0.0-0 post-release - last build May  4 2026 22:22:43 (774f63e81ad911689b3a0859ea89b322d5daca8d,branch:main).

Game began 2026-05-06 07:59:59, ended 2026-05-06 08:18:01.

01246791210, lawful female human Samurai

                                                                  ----
                                                                  -..--
                                                            .....|....|
                                                            .G.......--
                                                            ..@....%.|
                                                             ........

01246791210 the Ronin  St:13 Dx:17 Co:18 In:13 Wi:11 Ch:7  Lawful
Dlvl:5  $:15 HP:0(37) Pw:7(7) AC:4  Xp:3 T:712 

Latest messages:
 The aklys returns to the gnome's hand!
 The gnome throws an aklys!
 An aklys misses you.
 It's a wall.
 It's a wall.
 It's a wall.
 It's a wall.
 It's a wall.
 There is a staircase down here.
 You descend the stairs.
 There is a staircase up to level 4 here.
 You are hit by a dart.
 It's a wall.
 You hit the gnome.
 The jar crashes on your head and breaks into shards.
 The dark potion evaporates.
 You feel somewhat dizzy.
 Call a dark potion: 
 You feel less confused now.
 It's a wall.
 It's a wall.
 You miss the gnome.
 You hit the gnome lord.
 The silver dagger hits the gnome.
 The gnome hits!
 You hit the gnome lord.
 The gnome hits!
 You hit the gnome lord.
 The gnome lord misses!
 The aklys misses the gnome lord.
 You are hit by an aklys.
 The gnome misses!
 You miss the gnome lord.
 You kill the gnome!
 The gnome lord hits!
 The gnome lord hits!
 You are hit by an aklys!
 o - a silver dagger.
 You have trouble lifting a gnome corpse.  Continue? [ynq] (q) n
 The gnome lord hits!
 The gnome hits!
 An aklys misses you.
 The gnome swings her aklys.
 The gnome hits!
 You die...
 Do you want your possessions identified? [ynq] (y) n
 Do you want to see your attributes? [ynq] (y) n
 Do you want an account of creatures vanquished? [ynaq] (y) n
 Do you want to see your conduct and achievements? [ynq] (y) n
 Do you want to see the dungeon overview? [ynq] (y) n

Inventory:
 Coins    ('$')
  $ - 15 gold pieces
 Weapons  (')')
  d - 28 +0 ya (in quiver)
  c - a +0 yumi
  o - a +0 silver dagger
  a - a blessed +0 katana (alternate weapon; not wielded)
  b - a +0 wakizashi (weapon in right hand)
 Armor    ('[')
  e - a blessed rustproof +0 splint mail (being worn)
 Comestibles  ('%')
  g - an uncursed gunyoki
  k - an uncursed newt corpse
 Scrolls  ('?')
  m - an uncursed scroll of gold detection
  l - an uncursed scroll of teleportation
 Potions  ('!')
  i - an uncursed potion of healing
 Wands    ('/')
  j - a wand of lightning (0:8)
 Tools    ('(')
  f - an uncursed blindfold
  n - a cursed saddle

01246791210 the Samurai's attributes:

Background:
 You were a Ronin, a level 3 female human Samurai.
 You were lawful, on a mission for Amaterasu Omikami
 who was opposed by Raijin (neutral) and Susanowo (chaotic).
 You were right-handed.
 You were in the Gnomish Mines, on level 5.
 You entered the dungeon 712 turns ago.
 You had 50 experience points, 30 more were needed to attain level 4.

Basics:
 You had 0 out of 37 hit points.
 You had all 7 energy points (spell power).
 Your armor class was 4.
 Your wallet contained 15 zorkmids.
 Autopickup was off.

Final Characteristics:
 Your strength was 13 (limit:18/100).
 Your dexterity was 17 (limit:18).
 Your constitution was 18 (limit:18).
 Your intelligence was 13 (limit:18).
 Your wisdom was 11 (limit:18).
 Your charisma was 7 (limit:18).

Final Status:
 You weren't hungry.
 You were unencumbered.
 You were wielding a short sword.
 You had basic skill with short sword.

Final Attributes:
 You were fervently aligned.
 You were warded.
 You were fast.
 You are dead.

Miscellaneous:
 You didn't encounter any bones levels.
 Total elapsed playing time was 17 minutes and 59 seconds.

Major events:
 Turn
    1: 01246791210 the lawful female human Samurai entered the dungeon
  568: entered the Gnomish Mines
  626: attained the rank of Ronin (level 3)
  712: killed by a gnome

You didn't know any spells.

Skills:
 Fighting Skills
   martial arts      [Basic]
   two weapon combat [Unskilled]
   riding            [Unskilled]
 Weapon Skills
   dagger            [Unskilled]
   knife             [Unskilled]
   short sword       [Basic]
   broadsword        [Unskilled]
   long sword        [Basic]
   two-handed sword  [Unskilled]
   saber             [Unskilled]
   flail             [Unskilled]
   quarterstaff      [Unskilled]
   polearms          [Unskilled]
   spear             [Unskilled]
   lance             [Unskilled]
   bow               [Basic]
   shuriken          [Unskilled]
 Spellcasting Skills
   attack spells     [Unskilled]
   divination spells [Unskilled]
   clerical spells   [Unskilled]

Voluntary challenges:
 Character rerolling was not enabled.
 You went without food.
 You were an atheist.
 You were illiterate.
 You never genocided any monsters.
 You never polymorphed an object.
 You never changed form.
 You used no wishes.
Achievements:
 You entered the Gnomish Mines.
 You attained the rank of Ronin.

 The Dungeons of Doom: levels 1 to 3
    Level 1:
       An altar, a fountain, a grave.
    Level 3:
       A fountain, a grave.
       Stairs down to The Gnomish Mines.
 The Gnomish Mines: levels 4 to 5
    Level 4:
    Level 5: <- You were here.
       Final resting place for
          you, killed by a gnome.
 The Tutorial:
    Level 1:


Vanquished creatures:
  a gnome leader
  a dwarf
  a coyote
  3 giant rats
  4 gnomes
  a goblin
  2 grid bugs
  2 bats
  2 newts
17 creatures vanquished.

No species were genocided or became extinct.

Game over:
                       ----------
                      /          \
                     /    REST    \
                    /      IN      \
                   /     PEACE      \
                  /                  \
                  |   01246791210    |
                  |      15 Au       |
                  |   killed by a    |
                  |      gnome       |
                  |                  |
                  |                  |
                  |       2026       |
                 *|     *  *  *      | *
        _________)/\\_//(\/(/\)/\//\/|_)_______

Sayonara 01246791210 the Samurai...

You died in The Gnomish Mines on dungeon level 5 with 414 points,
and 15 pieces of gold, after 712 moves.
You were level 3 with a maximum of 37 hit points when you died.

